 Dungeon Crawl Stone Soup version 0.25-a0-306-g3faca94807 (webtiles) character file.

Game seed: 11609445912832830341, levelgen mode: classic

2 EnegeticOcto the Skirmisher (level 1, -26/18 HPs)
             Began as a Mummy Chaos Knight on Dec 21, 2019.
             Was a Plaything of Xom.
             Blown up by an eye of devastation (shapeshifter) (38 damage)
             ... with a bolt of energy
             ... on level 2 of the Dungeon.
             The game lasted 00:00:12 (139 turns).

EnegeticOcto the Skirmisher (Mummy Chaos Knight)     Turns: 139, Time: 00:00:12

Health: -26/18     AC:  5    Str: 15    XL:     1   Next: 33%
Magic:  1/1        EV: 11    Int: 11    God:    Xom [..*...]
Gold:   11         SH:  0    Dex: 11    Spells: 0/0 levels left

rFire    x . .     SeeInvis .   a - +0 spear (chaos)
rCold    + . .     Gourm    .   (no shield)
rNeg     + + +     Faith    .   b - +2 leather armour
rPois    ∞         Spirit   .   (no helmet)
rElec    .         Reflect  .   (no cloak)
rCorr    .         Harm     .   (no gloves)
MR       .....                  (no boots)
Stlth    +.........             (no amulet)
HPRegen  0.06/turn              (no ring)
MPRegen  0.07/turn              (no ring)

@: no status effects
A: no food or potions, fire vulnerability, cold resistance 1, negative energy
resistance 3, torment resistance, unbreathing
a: Renounce Religion


You were on level 2 of the Dungeon.
You worshipped Xom.
You were a toy of Xom.
You were not hungry.

You visited 1 branch of the dungeon, and saw 2 of its levels.

You collected 11 gold pieces.

Inventory:

Hand Weapons
 a - a +0 spear of chaos (weapon)
Armour
 b - a +2 leather armour (worn)


   Skills:
 + Level 3.2 Fighting
 - Level 2.4 Polearms
 - Level 1.5 Armour
 - Level 0.7 Dodging


You couldn't memorise any spells.
You didn't know any spells.
Your spell library was empty.

Dungeon Overview and Level Annotations

Branches:
Dungeon (1/15)

Altars:


Innate Abilities, Weirdness & Mutations

You do not eat or drink.
Your flesh is vulnerable to fire.
You are immune to poison.
Your flesh is cold resistant. (rC+)
You are immune to negative energy. (rN+++)
You are immune to unholy pain and torment.
You can survive without breathing.


Message History

Welcome, EnegeticOcto the Mummy Chaos Knight.
Will you prevail where others failed? Will you find the Orb of Zot?
Xom says: A new plaything!
Press ? for a list of commands and other information.
Found a staircase leading out of the dungeon.
You open the door.
There is an open door here.
A hobgoblin comes into view.
The hobgoblin shouts!
Attack whom?
Press: ? - help, Dir - move target cursor, f - hobgoblin
Aim: a hobgoblin You reach to attack!
You closely miss the hobgoblin. You hit the hobgoblin but do no damage.
The hobgoblin barely misses you.
You hit the hobgoblin.
The hobgoblin is severely wounded.
The hobgoblin barely misses you.
You barely miss the hobgoblin.
The hobgoblin is severely wounded.
The hobgoblin misses you.
You hit the hobgoblin.
You kill the hobgoblin!
No target in view!
You open the door.
A rat comes into view.
Found a ration.
A rat is nearby!
A rat is nearby!
There is an open door here.
You hit the rat but do no damage. The rat bites you but does no damage.
You barely miss the rat. The rat barely misses you.
You hit the rat but do no damage.
The rat seems to grow stronger.
Xom is amused.
The rat bites you but does no damage.
A rat is nearby!
You closely miss the rat. The rat closely misses you.
A rat is nearby!
You hit the rat but do no damage.
The rat looks slightly unstable.
The rat barely misses you.
You barely miss the rat. The rat barely misses you.
You closely miss the rat.
The rat disappears!
No target in view!
No target in view!
No target in view!
You open the door.
There is an open door here.
Found a smoky sapphire potion.
You now have 11 gold pieces.
You open the door.
There is an open door here.
You open the door.
Found an escape hatch in the floor.
There is an open door here.
Found a robe.
You fall into a shaft and drop 1 floor!
The shaft crumbles and collapses.
A bat comes into view.
The bat closely misses you.
You closely miss the bat. The bat closely misses you.
Attack whom?
Press: ? - help, Dir - move target cursor, f - bat
Aim: a bat You reach to attack!
You hit the bat.
You kill the bat!
No target in view!
No target in view!
No target in view!
A rat comes into view.
A quokka comes into view.
You hit the quokka but do no damage.
The quokka bites you but does no damage.
You hit the quokka but do no damage. The quokka bites you.
You closely miss the quokka.
The quokka bites you but does no damage.
You closely miss the quokka.
The quokka bites you but does no damage.
The rat bites you but does no damage. The quokka barely misses you.
You hit the quokka.
The quokka changes into a shapeshifter!
The shapeshifter changes into a polar bear!
The rat closely misses you.
You closely miss the polar bear. The rat bites you.
The polar bear closely misses you. The polar bear claws you.
The polar bear claws you but does no damage.
You hit the polar bear but do no damage.
The polar bear changes into an eye of devastation!
The rat bites you but does no damage.
You hit the eye of devastation. You drain the eye of devastation.
The eye of devastation is lightly wounded.
The rat closely misses you.
You hit the eye of devastation but do no damage.
The eye of devastation flickers and vanishes!
Deactivating autopickup; reactivate with Ctrl-A.
Xom thinks this is hilarious!
The rat bites you.
You feel something staring at you.
A bolt of energy appears from out of thin air!
The bolt of energy hits you!!!
Ouch! That really hurt!
You die...
Xom bursts into laughter!

##### ####### #...
#....†# ##.##
#.###.####...####
#.#.............###
#.#.#.####...$....#
#.....# ##@#.#.#.#
..........{r.......
#..#.#####..##.#.#.#
#..#. #.. ..... #.
#. #.. #.### #.. .#
#.. # #..


You could see a rat.

Vanquished Creatures
  A bat (D:2)
  A hobgoblin (D:1)
2 creatures vanquished.

Notes
Turn   | Place    | Note
-------+----------+-------------------------------------------
     0 | D:1      | EnegeticOcto the Mummy Chaos Knight began the quest for the
                  | Orb.
     0 | D:1      | Reached XP level 1. HP: 18/18 MP: 1/1
   118 | D:1      | You fall into a shaft and drop 1 floor!
   135 | D:2      | Noticed a shapeshifter
   135 | D:2      | a quokka changed into a shapeshifter
   135 | D:2      | Noticed a polar bear
   135 | D:2      | a shapeshifter changed into a polar bear
   137 | D:2      | Noticed an eye of devastation
   137 | D:2      | a polar bear changed into an eye of devastation
   139 | D:2      | Blown up by an eye of devastation (shapeshifter)

Levels and vault maps discovered:
D:1:      dpeg_arrival_tiny_b, layout_loops_corners
D:2:      layout_loops_ring

Action                   || total
-------------------------++-------
Melee: Spear             ||    23
Armor: Leather armour    ||     8
Dodge: Dodged            ||    13

Table legend:
 A = Non-vault XP
 B = Vault XP
 C = Vault XP percentage of total XP
 D = Non-vault monster count
 E = Vault monster count
 F = Vault count percentage of total count
                 A         B        C        D         E       F
            +---------+---------+-------+---------+---------+-------
      Total |       4 |       0 |   0.0 |       2 |       0 |   0.0
            +---------+---------+-------+---------+---------+-------
        D:1 |       2 |       0 |   0.0 |       1 |       0 |   0.0
        D:2 |       2 |       0 |   0.0 |       1 |       0 |   0.0
            +---------+---------+-------+---------+---------+-------
